 Dungeon Crawl Stone Soup version 0.28-a0-1374-ga75cb3825e (webtiles) character file.

Game seed: 18225871806255325586

105 avis the Cudgeller (level 5, 0/41 HPs)
             Began as a Formicid Fighter on Jan 1, 2022.
             Slain by a gnoll (8 damage)
             ... on level 2 of the Dungeon.
             The game lasted 00:07:22 (2687 turns).

avis the Cudgeller (Formicid Fighter)               Turns: 2687, Time: 00:07:23

Health: 0/41       AC:  6    Str: 20    XL:     5   Next: 8%
Magic:  5/5        EV:  9    Int: 10    God:
Gold:   145        SH:  4    Dex: 10    Spells: 4/4 levels left

rFire   . . .      SeeInvis +   a - +0 flail
rCold   . . .      Faith    .   c - +0 buckler
rNeg    . . .      Spirit   .   b - +0 scale mail
rPois   .          Reflect  .   (helmet unavailable)
rElec   .          Harm     .   (no cloak)
rCorr   .          Rampage  .   (no gloves)
Will    .....                   (no boots)
Stlth   ..........              (no amulet)
HPRegen 0.13/turn               h - ring of wizardry
MPRegen 0.09/turn               i - ring of flight

@: flying
A: permanent stasis, dig shafts and tunnels, antennae 3, four strong arms
a: Dig, Shaft Self


You were on level 2 of the Dungeon.
You visited 1 branch of the dungeon, and saw 3 of its levels.

You collected 145 gold pieces.

Inventory:

Hand Weapons
 a - a +0 flail (weapon)
 n - a +1 dagger of venom
Missiles
 e - 62 bolts
 f - 147 stones
 j - 37 arrows
Armour
 b - a +0 scale mail (worn)
 c - a +0 buckler (worn)
Jewellery
 h - a ring of wizardry (left hand)
 i - a ring of flight (right hand)
Scrolls
 l - a scroll of enchant armour {unknown}
 m - a scroll of holy word {unknown}
Potions
 d - a potion of might
 g - a potion of flight {unknown}
 k - a potion of resistance {unknown}


   Skills:
 - Level 3.2 Fighting
 * Level 4.8 Maces & Flails
 - Level 3.2 Armour
 - Level 3.6 Shields


You had 4 spell levels left.
You didn't know any spells.
Your spell library contained the following spells:

 Spells                   Type           Power      Damage    Failure   Level
 Animate Skeleton         Necr           0%         N/A       38%         1
 Pain                     Necr           0%         1d4       38%         1
 Corpse Rot               Necr/Air       0%         N/A       52%         2
 Vampiric Draining        Necr           0%         2d6       75%         3
 Dispel Undead            Necr           0%         3d6       98%         4
 Death Channel            Necr           0%         N/A       100%        6


Dungeon Overview and Level Annotations

Branches:
Dungeon (3/15)

Altars:


Innate Abilities, Weirdness & Mutations

You cannot be hasted, slowed, berserked, paralysed or teleported.
You can dig through walls and to a lower floor.
You have a pair of large antennae on your head. (SInv)
Your four strong arms can wield two-handed weapons with a shield.


Message History

The gnoll completely misses you.
You closely miss the gnoll.
The gnoll is moderately wounded.
You block the gnoll's attack.
You closely miss the gnoll.
The gnoll is moderately wounded.
The gnoll closely misses you.
You sock the gnoll!
The gnoll is almost dead.
The gnoll completely misses you.
You hit the gnoll but do no damage.
The gnoll is almost dead.
The gnoll hits you with a +0 flail.
The gnoll hits you from afar with a +0 halberd!
You sock the gnoll!
You kill the gnoll!
You block the gnoll's attack. The gnoll barely misses you.
Things that are here:
a +0 flail; a gnoll corpse You closely miss the gnoll.
The gnoll is moderately wounded.
The gnoll hits you with a +0 halberd!
You hit the gnoll.
The gnoll is heavily wounded.
The gnoll hits you with a +0 halberd!
* * * LOW HITPOINT WARNING * * *
You thump the gnoll!
You kill the gnoll!
The gnoll misses you.
You have reached level 5!
There is a stone staircase leading up here.
The gnoll hits you with a +0 flail.
* * * LOW HITPOINT WARNING * * *
You fly upwards.
There is a stone staircase leading down here.
You hit the gnoll.
The gnoll is lightly wounded.
The gnoll hits you with a +0 flail!
You die...

#.###.# ####......#########
#.....####..>..##.##........
####.......###.......#######
##..#.......###.###
#.....#####.# #.# ####
##...######.###.# #...
#.#......#.....## #.##
#.#.............## #.#
##......@.........# #.#
#......g..........####.#
#.#...............##...##
#.#......^...)....#..###.
#.#............)....###..
#.#...............#.##...
#.##.............##......
#.###.....#.....#####....
#.# ###.####.#### #...#.


You could see a gnoll.

Vanquished Creatures
  3 adders
  2 gnolls (D:3)
  2 worms (D:2)
  2 dart slugs
  An orc (D:3)
  3 ball pythons
  3 bats
  8 endoplasms
  A giant cockroach (D:2)
  5 hobgoblins
  2 jackals (D:2)
  2 quokkas (D:2)
  2 frilled lizards
  A goblin (D:2)
  6 kobolds
  3 rats
46 creatures vanquished.

Notes
Turn   | Place    | Note
-------+----------+-------------------------------------------
     0 | D:1      | avis the Formicid Fighter began the quest for the Orb.
     0 | D:1      | Reached XP level 1. HP: 18/18 MP: 1/1
   525 | D:1      | Reached XP level 2. HP: 22/24 MP: 2/2
   868 | D:1      | Reached skill level 3 in Maces & Flails
  1444 | D:2      | Reached XP level 3. HP: 29/29 MP: 3/3
  1735 | D:2      | Reached skill level 4 in Maces & Flails
  1735 | D:2      | Reached XP level 4. HP: 26/35 MP: 4/4
  2147 | D:3      | Found a faded altar of an unknown god.
  2638 | D:3      | Reached XP level 5. HP: 7/41 MP: 5/5
  2687 | D:2      | Slain by a gnoll

Illustrated notes

Levels and vault maps discovered:
D:1:      mrwooster_arrival_arrow, layout_basic
D:2:      layout_rooms, nicolae_concentric_dashed_squares_mild
D:3:      layout_loops_corners, ebering_ecumenical_altar_petrified

Skill      XL: |  1  2  3 |
---------------+----------+-----
Maces & Flails | 3 4 |  4.8
Fighting       | |  3.2
Armour         | |  3.2
Shields        | |  3.6

Action                   |  1- 3 |  4- 6 || total
-------------------------+-------+-------++-------
Melee: Flail             |   103 |    42 ||   145
Armor: Scale mail        |    40 |     9 ||    49
Dodge: Dodged            |    34 |    14 ||    48
Block: Buckler           |    23 |     7 ||    30

Table legend: (Time is in decaauts)
 A = Elapsed time spent in this place.
 B = Non-inter-level travel time spent in this place.
 C = Inter-level travel time spent in this place.
 D = Time resting spent in this place.
 E = Time spent auto-exploring this place.
 F = Levels seen in this place.
 G = Mean time per level.
                   A        B        C        D        E       F      G
               +--------+--------+--------+--------+--------+-----+--------+
         Total |   2720 |   2673 |     47 |    990 |   1082 |   3 |  906.7 |
       Dungeon |   2720 |   2673 |     47 |    990 |   1082 |   3 |  906.7 |
               +--------+--------+--------+--------+--------+-----+--------+

Top non-repeatable levels by time:
     D:1: 1454 daAuts
     D:2: 716 daAuts
     D:3: 549 daAuts
